 Dungeon Crawl Stone Soup version 0.17-a0-1738-g82cdc46 (webtiles) character file.

55 Magnus the Skirmisher (level 3, 0/28 HPs)
             Began as a Mummy Warper on Aug 31, 2015.
             Killed from afar by Natasha (6 damage)
             ... with a magic dart
             ... on level 2 of the Dungeon.
             The game lasted 00:05:14 (2324 turns).

Magnus the Skirmisher (Mummy Warper)                Turns: 2324, Time: 00:05:14

Health: 0/28       AC:  3    Str: 15    XL:     3   Next: 67%
Magic:  6/6        EV: 11    Int: 12    God:
Gold:   45         SH:  0    Dex: 11    Spells: 2 memorised, 3 levels left

rFire  x . .     SeeInvis .     a - +0 falchion
rCold  + . .     Clarity  .     b - +0 leather armour
rNeg   + + +     SustAt   .     (no shield)
rPois  ∞         Gourm    .     (no helmet)
rElec  .         Spirit   .     (no cloak)
rCorr  .         Warding  .     (no gloves)
rMut   .         Stasis   .     (no boots)
MR     .....                    (no amulet)
Stlth  +.........               (no ring)
                                (no ring)

@: not resistant to hostile enchantments, very unstealthy
A: no food or potions, fire vulnerability, cold resistance 1, negative energy
resistance 3, torment resistance, unbreathing
a: no special abilities


You were on level 2 of the Dungeon.
You were not hungry.

You visited 1 branch of the dungeon, and saw 2 of its levels.

You collected 45 gold pieces.

Inventory:

Hand weapons
 a - a +0 falchion (weapon)
Missiles
 e - 2 tomahawks of dispersal (quivered)
Armour
 b - a +0 leather armour (worn)
Scrolls
 d - a scroll of blinking
 f - a scroll of random uselessness {unknown}
 g - a scroll of teleportation {unknown}
 h - a scroll of noise {unknown}
 i - a scroll of amnesia {unknown}
 j - a scroll of remove curse {unknown}
Books
 c - a book of Spatial Translocations

   Spells                             Type                      Level
   a - Apportation                    Translocation                1
   b - Blink                          Translocation                2
   c - Shroud of Golubria             Charms/Translocation         2
   d - Portal Projectile              Translocation                3
   e - Teleport Other                 Translocation                3
   f - Passage of Golubria            Translocation                4


   Skills:
 + Level 2.9 Fighting
 + Level 2.6 Long Blades
 - Level 0.7 Throwing
 - Level 0.8 Armour
 - Level 1.5 Dodging
 - Level 2.1 Spellcasting
 - Level 2.5 Translocations


You had 3 spell levels left.
You knew the following spells:

 Your Spells              Type           Power        Failure   Level  Hunger
a - Apportation           Tloc           #.........   12%         1    N/A
b - Blink                 Tloc           N/A          17%         2    N/A

Dungeon Overview and Level Annotations

Branches:
Dungeon (2/15)

Altars:

Annotations:
D:2 Natasha


Innate Abilities, Weirdness & Mutations

You do not eat or drink.
Your flesh is vulnerable to fire.
You are immune to poison.
Your flesh is cold resistant.
You are immune to negative energy.
You are immune to unholy pain and torment.
You can survive without breathing.


Message History

You hit the iron imp but do no damage.
The iron imp is heavily wounded.
Natasha mumbles some strange words.
The iron imp hits you.
You barely miss the iron imp.
The iron imp is heavily wounded.
The iron imp barely misses you.
You slash the iron imp!
The iron imp is severely wounded.
The iron imp hits you!
* * * LOW HITPOINT WARNING * * *
You are too injured to fight recklessly!
You are too injured to fight recklessly!
The white imp disappears in a puff of smoke!
The iron imp disappears in a puff of smoke!
Natasha mumbles some strange words.
You feel disoriented. Natasha casts a spell at you. The magic dart hits you!
You die...

#!##.##.#####.....#
#.####.##.##.# #...###
#.......#!##.#####..##
...........%.........#
######..##.##....##..#
#..##.##..#.##..#
#..##.###...##..#
#....).###.###..#
##.##..# #@# #..#
#.##..###.###..#
##.#!...........###
#....###.#.####..%#
#....###.#.####.#.#
#........h....(.#.#
####....%...######.#
............# #.#
.............# #.#


You could see Natasha.

Vanquished Creatures
  An adder (D:2)
  3 giant geckos
  3 bats (D:1)
  A giant cockroach (D:2)
  6 hobgoblins
  3 kobolds (D:1)
  2 ball pythons (D:1)
  11 giant newts (D:1)
  9 goblins
  5 rats
44 creatures vanquished.

Notes
Turn   | Place    | Note
--------------------------------------------------------------
     0 | D:1      | Magnus the Mummy Warper began the quest for the Orb.
     0 | D:1      | Reached XP level 1. HP: 16/16 MP: 3/3
   250 | D:1      | Reached XP level 2. HP: 11/22 MP: 5/5
  1195 | D:1      | Reached XP level 3. HP: 21/28 MP: 6/6
  1269 | D:1      | Learned a level 2 spell: Blink
  2290 | D:2      | Noticed Natasha
  2324 | D:2      | Killed from afar by Natasha

Vault maps used:
D:1:      lemuel_arrival_river_passageway, minmay_lizard_king
D:2:      uniq_natasha

Action                   || total
-------------------------++-------
Melee: Falchion          ||   188
Throw: Tomahawk          ||     3
